 Dungeon Crawl Stone Soup version 0.30-a0-777-ga9a30cbeda (webtiles) character file.

Game seed: 1976665629481011796

10836 BubbleThief the Thaumaturge (level 11, -1/87 HPs)
             Began as a Demonspawn Necromancer on Feb 15, 2023.
             Was a Believer of Kikubaaqudgha.
             Slain by a thrashing horror (6 damage)
             ... in a Gauntlet.
             The game lasted 00:23:52 (8462 turns).

BubbleThief the Thaumaturge (DsNe)                  Turns: 8462, Time: 00:23:53

Health: -1/87      AC:  7    Str:  9    XL:     11   Next: 41%
Magic:  14/25      EV: 17    Int: 23    God:    Kikubaaqudgha [**....]
Gold:   522        SH:  0    Dex: 19    Spells: 16/30 levels left

rFire   . . .      SeeInvis .    I - +1 dagger (elec)
rCold   . . .      Faith    .    (no shield)
rNeg    . . .      Spirit   .    D - +0 steam dragon scales
rPois   .          Reflect  .    F - +1 hat
rElec   .          Harm     .    (no cloak)
rCorr   .          Rampage  .    (no gloves)
Will    .....      NoTele   +    v - +0 pair of boots
Stlth   ++++                     f - amulet of magic regeneration
HPRegen 0.34/turn                p - +6 ring of intelligence
MPRegen 0.78/turn                C - +5 ring of evasion

@: lethally poisoned (-1 -> -15), silenced, weak-willed, studying Spellcasting
A: thin skeletal structure 1, magic regeneration, demonic magic 2, demonic touch
2
a: Renounce Religion


You were in a Gauntlet.
You worshipped Kikubaaqudgha.
Kikubaaqudgha was pleased with you.
You visited 3 branches of the dungeon, and saw 12 of its levels.
You also visited: Gauntlet.

You collected 522 gold pieces.

Inventory:

Hand Weapons
 E - a +1 dagger of venom
 I - a +1 dagger of electrocution (weapon)
Armour
 c - a +0 troll leather armour
 v - a +0 pair of boots (worn)
 D - +0 steam dragon scales (worn)
 F - a +1 hat (worn)
 K - the +0 pair of boots of Grace {MP+9 Int+5}
   (You found it in a Gauntlet)

   Int:       It affects your intelligence (+5).
   MP:        It affects your magic capacity (+9).
Jewellery
 f - an amulet of magic regeneration (around neck)
 p - a +6 ring of intelligence (left hand)
 u - a ring of see invisible
 C - a +5 ring of evasion (right hand)
 J - an amulet of guardian spirit
Wands
 G - a wand of flame (1)
Scrolls
 g - a scroll of identify
 h - 2 scrolls of poison
 k - 2 scrolls of noise
 m - 4 scrolls of vulnerability
 n - 6 scrolls of teleportation
 r - a scroll of brand weapon {unknown}
 t - 2 scrolls of summoning {unknown}
 w - 3 scrolls of fear {unknown}
 x - 2 scrolls of amnesia {unknown}
 y - 3 scrolls of enchant weapon {unknown}
 z - 4 scrolls of enchant armour {unknown}
 A - 2 scrolls of blinking {unknown}
 B - 2 scrolls of fog {unknown}
Potions
 a - a potion of lignification
 b - a potion of magic
 d - 5 potions of brilliance
 e - a potion of heal wounds
 i - 2 potions of might
 j - 3 potions of attraction
 l - 2 potions of berserk rage
 q - 4 potions of curing
 s - 2 potions of mutation {unknown}
 H - a potion of flight {unknown}


   Skills:
 + Level 8.5 Fighting
 + Level 7.8 Short Blades
 - Level 1.7 Dodging
 + Level 8.8 Stealth
 + Level 10.4 Spellcasting
 - Level 8.0 Necromancy


You had 16 spell levels left.
You knew the following spells:

 Your Spells              Type           Power      Damage    Failure   Level
a - Necrotise             Necr           100%       1d9       1%          1
b - Dispel Undead         Necr           48%        3d18      1%          4
c - Vampiric Draining     Necr           48%        2d9       1%          3
d - Animate Dead          Necr           48%        N/A       1%          4
e - Sublimation of Blood  Necr           48%        N/A       1%          2

Your spell library contained the following spells:

 Spells                   Type           Power      Damage    Failure   Level
 Kiss of Death            Conj/Necr      100%       2d13      1%          1
 Apportation              Tloc           24%        N/A       5%          1
 Agony                    Necr           48%        N/A       5%          5
 Anguish                  Hex/Necr       15%        N/A       11%         4
 Confusing Touch          Hex            12%        N/A       16%         3
 Frozen Ramparts          Ice            24%        1d4       16%         3
 Ignite Poison            Fire/Tmut/Pois 12%        N/A       16%         3
 Inner Flame              Hex/Fire       12%        N/A       16%         3
 Portal Projectile        Hex/Tloc       24%        N/A       16%         3
 Tukima's Dance           Hex            12%        N/A       16%         3
 Flame Wave               Conj/Fire      12%        2d6       47%         4
 Ice Form                 Ice/Tmut       12%        N/A       47%         4
 Petrify                  Tmut/Erth      12%        N/A       47%         4
 Sticky Flame             Conj/Fire      12%        2d4       47%         4
 Summon Ice Beast         Ice/Summ       12%        N/A       47%         4
 Blade Hands              Tmut           6%         N/A       83%         5
 Irradiate                Conj/Tmut      6%         3d13      83%         5
 Enfeeble                 Hex            6%         N/A       100%        7
 Ignition                 Fire           6%         3d4       100%        8


Dungeon Overview and Level Annotations

Branches:
Dungeon (10/15)            Temple (1/1) D:7            Lair (1/5) D:10
Gauntlet (1/1)
    Orc: D:9-12

Altars:
Ashenzari
Cheibriados
Dithmenos
Fedhas
Gozag
Hepliaklqana
Kikubaaqudgha
Makhleb
Nemelex Xobeh
Okawaru
Qazlal
Ru
Sif Muna
Trog
Uskayaw
Vehumet
Wu Jian
Xom
Yredelemnul

Shops:
D:4 [   D:6 =

Annotations:
Gauntlet 8 transporters, 2 runed translucent doors


Innate Abilities, Weirdness & Mutations

You have a somewhat thin skeletal structure. (Dex +2, Stealth+)
You regenerate magic rapidly.
Spells you cast may paralyse nearby enemies.
Your touch may inflict irresistible damage on your foes.


Message History

You touch the thrashing horror!
The thrashing horror is lightly damaged.
You are engulfed in poison gas.
You are lethally poisoned!
* * * LOW HITPOINT WARNING * * *
x2 You feel sick.
The thrashing horror tramples you but does no damage.
The thrashing horror tramples you.
* * * LOW HITPOINT WARNING * * *
You stumble backwards!
You feel better.
You are engulfed in poison gas.
You are lethally poisoned!
* * * LOW HITPOINT WARNING * * *
You feel very sick.
The thrashing horror tramples you but does no damage.
The thrashing horror tramples you.
* * * LOW HITPOINT WARNING * * *
You hold your ground!
The thrashing horror closely misses you.
The thrashing horror completely misses you.
The thrashing horror closely misses you.
The thrashing horror tramples you.
* * * LOW HITPOINT WARNING * * *
You hold your ground!
You feel better.
You are engulfed in poison gas.
You are lethally poisoned!
* * * LOW HITPOINT WARNING * * *
x2 You feel very sick.
The thrashing horror closely misses you.
The thrashing horror barely misses you.
You feel better.
You are engulfed in poison gas.
You are lethally poisoned!
* * * LOW HITPOINT WARNING * * *
x2 You feel very sick.
The thrashing horror tramples you.
* * * LOW HITPOINT WARNING * * *
You hold your ground!
The thrashing horror misses you. The thrashing horror tramples you.
You die...
Kikubaaqudgha rasps: "You have failed me!
Welcome... death!"

.........P....∩...P..............
♣...♣..P♣..........P♣...♣..P♣P.P♣
.................................
####.#########.#########.########
|=2#.####©####.#§.[©!..#.#t=!©=..
##.#.###=!.###.#.#...#.#.#.#.#.#.
##.#.#..##+|x#.#.#...#.#.#..P.P..
##.#.#..#©#.X#.#X##©##.#.#.#.©.#.
...#.#..+##.x#.#@X#.#..#.#..P.P..
.#.#.###...###.####.####.#.⌠.8.8.
.. ..###.#.......#.#....... ##
#####.################## ....©
©#.......#©....©....©#.. #####
##...♣P..#############.♣ #W..#.
....P.P....##..©..##....
#W#.#=[##..P#≈#≈#...##.^###.#.♣..
#.#.#...#...≈≈≈≈≈PP.#.##..#.#....


You could see 3 thrashing horrors and 2 small abominations.

Vanquished Creatures
  Gastronok (D:10)
  Snorg (D:10)
  Pikel (D:8)
  An oklob plant (Gauntlet)
  An unseen horror (D:10)
  A troll (D:9)
  A hornet (D:9)
  A raiju (Gauntlet)
  Sigmund (D:2)
  A shadow (D:9)
  16 yaks
  A vampire (D:8)
  2 steam dragons
  2 wargs (D:10)
  An acid dragon (Gauntlet)
  A water moccasin (D:7)
  5 orc warriors
  A black bear (D:7)
  An ogre (D:6)
  A lemure (D:8)
  2 phantoms
  3 centaurs
  A kobold brigand (D:9)
  2 necrophages
  4 bullfrogs
  A gnoll sergeant (D:7)
  3 small abominations (Gauntlet)
  5 scorpions
  7 wights
  10 killer bees
  2 howler monkeys (D:10)
  2 jellies (D:6)
  7 orc priests
  2 hounds (D:7)
  An iguana (D:6)
  14 orc wizards
  Robin (D:2)
  7 gnolls
  10 adders
  2 shadow imps
  A white imp (D:7)
  2 ufetubi
  2 dart slugs
  28 orcs
  5 ball pythons
  6 endoplasms
  13 goblins
  9 hobgoblins
  2 jackals (D:3)
  7 kobolds
  A quokka (D:3)
  3 bats (D:1)
  A frilled lizard (D:2)
  8 rats
215 creatures vanquished.

Vanquished Creatures (collateral kills)
  2 gnolls (D:7)
  A dart slug (D:2)
  A ball python (D:1)
  An endoplasm (D:3)
  A quokka (D:3)
  A frilled lizard (D:1)
  A goblin (D:2)
8 creatures vanquished.

Vanquished Creatures (others)
  An orc wizard (D:9)
  A fungus (D:2)
  A plant (Lair:1)
3 creatures vanquished.

Grand Total: 226 creatures vanquished

Notes
Turn   | Place    | Note
-------+----------+-------------------------------------------
     0 | D:1      | BubbleThief the Demonspawn Necromancer began the quest for
                  | the Orb.
     0 | D:1      | Reached XP level 1. HP: 13/13 MP: 3/3
   196 | D:1      | Gained mutation: Spells you cast may paralyse adjacent
                  | enemies. [demonic ancestry]
   196 | D:1      | Reached XP level 2. HP: 19/19 MP: 3/5
   635 | D:2      | Found a faded altar of an unknown god.
   643 | D:2      | Got Plato's Compendium of Portals
   672 | D:2      | Gained mutation: Your touch may inflict minor irresistible
                  | damage on your foes. [demonic ancestry]
   672 | D:2      | Reached XP level 3. HP: 22/24 MP: 2/6
   762 | D:2      | Reached skill level 5 in Necromancy
   869 | D:2      | Noticed Sigmund
  1132 | D:3      | Noticed a shadow
  1133 | D:3      | Found a shadowy altar of Dithmenos.
  1206 | D:3      | Reached skill level 1 in Fighting
  1206 | D:3      | Gained mutation: Spells you cast may paralyse nearby
                  | enemies. [demonic ancestry]
  1206 | D:3      | Reached XP level 4. HP: 32/32 MP: 5/8
  1259 | D:3      | Found a hazy altar of Hepliaklqana.
  1310 | D:2      | Killed Sigmund
  1311 | D:2      | Reached skill level 1 in Short Blades
  1311 | D:2      | Reached skill level 3 in Spellcasting
  1311 | D:2      | Reached XP level 5. HP: 9/38 MP: 2/9
  1426 | D:2      | Learned a level 4 spell: Dispel Undead
  1426 | D:2      | Noticed Robin
  1434 | D:2      | Killed Robin
  1442 | D:2      | Gained mutation: You regenerate magic rapidly. [demonic
                  | ancestry]
  1442 | D:2      | Reached XP level 6. HP: 44/44 MP: 7/11
  1680 | D:3      | Learned a level 3 spell: Vampiric Draining
  1994 | D:3      | Reached XP level 7. HP: 51/51 MP: 7/12
  2136 | D:4      | Found Ellaudgh's Antique Armour Shoppe.
  2685 | D:5      | Entered Level 5 of the Dungeon
  2782 | D:5      | Reached skill level 4 in Spellcasting
  3377 | D:6      | Found Kumum's Jewellery Boutique.
  3501 | D:6      | Reached XP level 8. HP: 60/60 MP: 12/14
  3534 | D:6      | Found a stormy altar of Qazlal.
  3581 | D:6      | Found an ancient bone altar of Kikubaaqudgha.
  3665 | D:6      | Found an ornate altar of the Wu Jian Council.
  4071 | D:7      | Reached skill level 5 in Spellcasting
  4138 | D:7      | Reached skill level 5 in Stealth
  4389 | D:7      | Gained mutation: Your touch may inflict irresistible damage
                  | on your foes. [demonic ancestry]
  4389 | D:7      | Reached XP level 9. HP: 67/67 MP: 13/16
  4556 | D:7      | Found a staircase to the Ecumenical Temple.
  4576 | Temple   | Entered the Ecumenical Temple
  4818 | D:6      | Became a worshipper of Kikubaaqudgha
  4931 | D:7      | Reached skill level 5 in Fighting
  5208 | D:8      | Reached skill level 6 in Spellcasting
  5210 | D:8      | Reached skill level 5 in Short Blades
  5739 | D:8      | Reached skill level 7 in Spellcasting
  5743 | D:8      | Noticed Pikel
  5758 | D:8      | Killed Pikel
  5759 | D:8      | Reached XP level 10. HP: 76/77 MP: 19/21
  5787 | D:8      | Reached * piety under Kikubaaqudgha
  5787 | D:8      | Received a gift from Kikubaaqudgha
  6256 | D:9      | Learned a level 4 spell: Animate Dead
  6259 | D:9      | Learned a level 2 spell: Sublimation of Blood
  6291 | D:9      | Reached skill level 8 in Spellcasting
  6903 | D:10     | Entered Level 10 of the Dungeon
  6907 | D:10     | Found a staircase to the Lair.
  6917 | D:10     | Reached skill level 9 in Spellcasting
  6920 | D:10     | Noticed Gastronok
  6949 | D:10     | Killed Gastronok
  6952 | D:10     | Gained mutation: You have a somewhat thin skeletal
                  | structure. (Dex +2, Stealth+) [demonic ancestry]
  6952 | D:10     | Reached XP level 11. HP: 46/86 MP: 4/24
  7281 | D:10     | Noticed Snorg
  7292 | D:10     | Killed Snorg
  7441 | D:10     | Reached skill level 10 in Spellcasting
  7609 | D:10     | Reached ** piety under Kikubaaqudgha
  8117 | Lair:1   | Entered Level 1 of the Lair of Beasts
  8118 | Lair:1   | Found a gate leading to a gauntlet.
  8133 | Gauntlet | Entered a Gauntlet
  8133 | Gauntlet | Found a transporter.
  8149 | Gauntlet | Found a transporter.
  8151 | Gauntlet | Found a transporter.
  8165 | Gauntlet | Found a transporter.
  8169 | Gauntlet | Noticed a hell beast
  8173 | Gauntlet | Found a transporter.
  8188 | Gauntlet | Found a runed translucent door.
  8189 | Gauntlet | Found a transporter.
  8190 | Gauntlet | Found a runed translucent door.
  8200 | Gauntlet | Found a transporter.
  8202 | Gauntlet | Noticed a thrashing horror
  8203 | Gauntlet | Noticed a thrashing horror
  8208 | Gauntlet | Noticed a thrashing horror
  8212 | Gauntlet | Found a transporter.
  8226 | Gauntlet | Found a transporter.
  8235 | Gauntlet | Noticed an oklob plant
  8236 | Gauntlet | Found a transporter.
  8236 | Gauntlet | Found a transporter.
  8299 | Gauntlet | Killed an oklob plant
  8300 | Gauntlet | Found a transporter.
  8434 | Gauntlet | Identified the +0 pair of boots of Grace {MP+9 Int+5}
  8442 | Gauntlet | HP: 3/87 [thrashing horror (4)]
  8448 | Gauntlet | Found a transporter.
  8459 | Gauntlet | HP: 4/87 [thrashing horror (2)]
  8462 | Gauntlet | Slain by a thrashing horror

Illustrated notes

Levels and vault maps discovered:
D:1:      minmay_arrival_plants_in_alcoves, layout_rooms,
          minmay_misc_feat_nine_boxes
D:2:      layout_rooms, shapermc_ecumenical_altar_rom_forum, uniq_sigmund,
          uniq_robin
D:3:      layout_loops_cross, riverfiend_overflow_shadow_ancestor,
          minmay_misc_feat_secret_circle
D:4:      layout_cave_pods, serial_shops, shop
D:5:      layout_basic, kennysheep_generic_room_9
D:6:      layout_rooms, chequers_temple_overflow_statue_of_worship,
          nicolae_qazlal_general_emergency, serial_shops, shop
D:7:      layout_rooms, minmay_temple_entry_arrows, minmay_manual_mullet
D:8:      layout_cave_pods, uniq_pikel
D:9:      layout_loops_cross, moated_statue, st_stairs_10
D:10:     layout_loops_corners, erik_lair_orcish_takeover, uniq_snorg,
          uniq_gastronok
Temple:   bh_familiar_temple
Lair:1:   layout_regular_city, gauntlet_entry_generic, infiniplex_staircase_pool
Gauntlet: minmay_gauntlet_77_tree [minmay_gauntlet_arena_77_double_cross,
          minmay_gauntlet_arena_77_mess,
          minmay_gauntlet_arena_77_radiant_squares,
          minmay_gauntlet_arena_77_museum, minmay_gauntlet_arena_77_mirror,
          minmay_gauntlet_arena_77_cramped,
          minmay_gauntlet_arena_77_block_sizes,
          nicolae_gauntlet_exit_dead_adventurers]

Skill      XL: |  1  2  3  4  5  6  7  8  9 10 11 |
---------------+----------------------------------+-----
Stealth        | 2 3 4 5 6 8 |  8.8
Necromancy     | 5 6 7 8 |  8.0
Fighting       | 1 2 3 4 6 7 8 |  8.5
Short Blades   | 1 2 3 4 5 7 |  7.8
Spellcasting   | 3 4 5 7 9 10 | 10.4
Dodging        | |  1.7

Action                     |  1- 3 |  4- 6 |  7- 9 | 10-12 || total
---------------------------+-------+-------+-------+-------++-------
  Melee: Unarmed           |     6 |       |       |       ||     6
         Dagger            |    15 |    16 |    88 |   122 ||   241
         Touch             |       |       |    16 |    20 ||    36
         Punch             |       |       |       |     1 ||     1
   Cast: Necrotise         |    83 |    39 |   123 |    62 ||   307
         Dispel Undead     |       |     4 |    10 |     5 ||    19
         Vampiric Draining |       |       |     3 |    22 ||    25
    Use: Scroll            |       |       |       |    13 ||    13
         Potion            |       |       |       |     5 ||     5
   Stab: Paralysed         |     4 |    11 |    26 |    45 ||    86
         Sleeping          |       |     1 |     3 |     5 ||     9
 Armour: Robe              |     5 |     1 |     2 |       ||     8
         Steam dragon scal |       |       |    13 |    27 ||    40
  Dodge: Dodged            |    15 |     5 |    75 |   160 ||   255

Table legend: (Time is in decaauts)
 A = Elapsed time spent in this place.
 B = Non-inter-level travel time spent in this place.
 C = Inter-level travel time spent in this place.
 D = Time resting spent in this place.
 E = Time spent auto-exploring this place.
 F = Levels seen in this place.
 G = Mean time per level.
                   A        B        C        D        E       F      G
               +--------+--------+--------+--------+--------+-----+--------+
         Total |   8416 |   8067 |    349 |    417 |   6103 |  13 |  647.4 |
       Dungeon |   7900 |   7563 |    337 |    315 |   5881 |  10 |  790.0 |
        Temple |    175 |    163 |     12 |      0 |    162 |   1 |  175.0 |
          Lair |     15 |     15 |      0 |      0 |      0 |   1 |   15.0 |
      Gauntlet |    324 |    324 |      0 |    102 |     60 |   1 |  324.0 |
               +--------+--------+--------+--------+--------+-----+--------+

Top non-repeatable levels by time:
    D:10: 1183 daAuts
     D:8: 981 daAuts
     D:9: 831 daAuts
     D:7: 793 daAuts
     D:3: 778 daAuts
     D:6: 739 daAuts
     D:5: 690 daAuts
     D:4: 661 daAuts
     D:1: 624 daAuts
     D:2: 617 daAuts
Gauntlet: 324 daAuts
  Temple: 175 daAuts
  Lair:1: 15 daAuts
